 Dungeon Crawl Stone Soup version 0.28-a0-533-g9f97627e2a (webtiles) character file.

Game seed: 8812202971578936519

1390 funkygono the Firebug (level 8, -10/43 HPs)
             Began as a Gargoyle Fire Elementalist on Sept 25, 2021.
             Was an Initiate of Vehumet.
             Mangled by an orc warrior (12 damage)
             ... on level 7 of the Dungeon.
             The game lasted 00:12:35 (6870 turns).

funkygono the Firebug (Gargoyle Fire Elementalist)  Turns: 6870, Time: 00:12:36

Health: -10/43     AC: 10    Str: 11    XL:     8   Next: 68%
Magic:  3/17       EV: 12    Int: 19    God:    Vehumet [......]
Gold:   348        SH:  0    Dex: 10    Spells: 9/19 levels left

rFire   . . .      SeeInvis +   p - +1 mace "Pendulum" {speed, +Blink rC- rN+++}
rCold   x . .      Faith    .   (no shield)
rNeg    + + +      Spirit   .   a - +1 robe
rPois   ∞          Reflect  .   (no helmet)
rElec   +          Harm     .   (no cloak)
rCorr   .          Rampage  .   f - +0 pair of gloves
Will    +....                   r - +0 pair of boots
Stlth   ++........              (no amulet)
HPRegen 0.14/turn               q - ring of see invisible
MPRegen 0.15/turn               x - ring of willpower

@: no status effects
A: sickness immunity, AC +5, negative energy resistance 1, electricity
resistance, torment resistance 1, petrification resistance
a: Renounce Religion, Evoke Blink


You were on level 7 of the Dungeon.
You worshipped Vehumet.
Vehumet was noncommittal.
You visited 2 branches of the dungeon, and saw 8 of its levels.

You collected 348 gold pieces.

Inventory:

Hand Weapons
 b - a +0 whip
 l - a +2 short sword of protection
 p - the +1 mace "Pendulum" (weapon) {speed, +Blink rC- rN+++}
   (You found it on level 6 of the Dungeon)

   Attacks with this weapon are significantly faster.
   rC:        It makes you vulnerable to cold.
   rN:        It renders you almost immune to negative energy.
   +Blink:    It lets you blink.
 t - a +0 mace of protection
Missiles
 e - 141 stones
Armour
 a - a +1 robe (worn)
 f - a +0 pair of gloves (worn)
 k - a +0 buckler
 r - a +0 pair of boots (worn)
Magical Staves
 h - a staff of conjuration
Jewellery
 q - a ring of see invisible (left hand)
 x - a ring of willpower (right hand)
Wands
 s - a wand of polymorph (6)
Scrolls
 j - 2 scrolls of magic mapping
 v - 4 scrolls of teleportation
Potions
 c - 2 potions of lignification
 d - 2 potions of brilliance
 g - a potion of flight
 i - 2 potions of attraction
 m - 2 potions of haste
 n - a potion of curing {unknown}
 o - a potion of magic
 u - a potion of might {unknown}


   Skills:
 + Level 1.3 Fighting
 + Level 1.7 Maces & Flails
 + Level 2.4 Dodging
 - Level 2.1 Stealth
 * Level 6.0 Spellcasting
 * Level 4.7 Conjurations
 * Level 6.7 Fire Magic


You had 9 spell levels left.
You knew the following spells:

 Your Spells              Type           Power      Damage    Failure   Level
a - Foxfire               Conj/Fire      100%       2x1d9     1%          1
b - Scorch                Fire           62%        2d8       1%          2
c - Conjure Flame         Conj/Fire      27%        6-21      3%          3
d - Flame Wave            Conj/Fire      27%        3d6       11%         4

Your spell library contained the following spells:

 Spells                   Type           Power      Damage    Failure   Level
 Inner Flame              Hex/Fire       18%        N/A       9%          3
 Slow                     Hex            5%         N/A       17%         2
 Confusing Touch          Hex            5%         N/A       32%         3
 Yara's Violent Unravell  Hex/Tmut       2%         3d3       97%         5


Dungeon Overview and Level Annotations

Branches:
Dungeon (7/15)             Temple (1/1) D:5

Altars:
Cheibriados
Elyvilon
Fedhas
Gozag
Hepliaklqana
Kikubaaqudgha
Makhleb
Nemelex Xobeh
Qazlal
Ru
Sif Muna
Uskayaw
Vehumet
Yredelemnul
Zin
The Shining One
Beogh

Shops:
D:5 [

Annotations:
D:3 3 runed translucent doors, emiel's ghost, amateur NaWn


Innate Abilities, Weirdness & Mutations

You are immune to sickness and miasma.
Your stone body is resilient. (AC +5)
You are immune to poison.
You resist negative energy. (rN+)
You are resistant to electric shocks. (rElec)
You are resistant to unholy torment.
You are immune to petrification.


Message History

The foxfire hits the orc warrior but does no damage.
The orc warrior is severely wounded.
The foxfire hits the orc warrior but does no damage.
The orc warrior is severely wounded.
The orc warrior hits you from afar with a +0 halberd.
* * * LOW HITPOINT WARNING * * *
The orc warrior closely misses you.
You barely miss the orc warrior.
The orc warrior is severely wounded.
The orc warrior hits you with a +0 halberd!
* * * LOW HITPOINT WARNING * * *
Your magical contamination has completely faded away.
You hit the orc warrior but do no damage.
The orc warrior is severely wounded.
The orc warrior barely misses you.
Really quaff the potion of lignification?
Okay, then.
Casting: Foxfire (safe; 1% risk of failure)
Confirm with . or Enter, or press ? or * to list all spells.
You don't have enough magic to cast this spell.
An orc warrior is nearby!
Unknown command.
Casting: Foxfire (safe; 1% risk of failure)
Confirm with . or Enter, or press ? or * to list all spells.
You conjure some foxfire!
The orc warrior misses you.
The foxfire hits the orc warrior.
The orc warrior is severely wounded.
The foxfire hits the orc warrior.
The orc warrior is almost dead.
The orc warrior hits you from afar with a +0 halberd.
* * * LOW HITPOINT WARNING * * *
Things that are here:
a +0 mace; a +0 leather armour You see here a +0 dagger.
Items here: )) [ †.
Things that are here:
a +0 flail; a boomerang; an orc corpse
There is a stone staircase leading up here.
The orc warrior hits you from afar with a +0 halberd!
You die...

#.... ... #.#.#
#.# #.#.# #.#
#.#.# #.# #.#.#
#.# #.#.# #.#
#.#.# ##
#.###.#.#######...
#@.o)).........).)
#####.#...)......#
#.............
###########.## .#
#


You could see an orc warrior.

Vanquished Creatures
  Eustachio (D:6)
  A water moccasin (D:6)
  A black bear (D:6)
  2 ogres
  An ice beast (D:5)
  A bullfrog (D:6)
  3 scorpions
  A wyvern zombie (D:6)
  A water moccasin zombie (D:6)
  A howler monkey (D:6)
  2 centaur zombies (D:6)
  2 jellies
  A hound (D:6)
  An orc priest (D:6)
  Terence (D:3)
  An iguana (D:6)
  An orc wizard (D:3)
  A hound skeleton (D:5)
  3 adders
  2 ufetubi (D:4)
  A worm (D:2)
  A dart slug (D:2)
  25 orcs
  11 ball pythons
  2 endoplasms (D:1)
  2 giant cockroaches (D:2)
  3 goblins
  6 hobgoblins
  2 jackals (D:4)
  4 quokkas
  2 bats
  2 frilled lizards
  4 kobolds
  3 rats
96 creatures vanquished.

Vanquished Creatures (others)
  297 foxfires
297 creatures vanquished.

Grand Total: 393 creatures vanquished

Notes
Turn   | Place    | Note
-------+----------+-------------------------------------------
     0 | D:1      | funkygono the Gargoyle Fire Elementalist began the quest
                  | for the Orb.
     0 | D:1      | Reached XP level 1. HP: 10/10 MP: 3/3
   196 | D:1      | Reached XP level 2. HP: 8/15 MP: 0/5
   241 | D:1      | Learned a level 2 spell: Scorch
   598 | D:1      | Found a faded altar of an unknown god.
  1247 | D:2      | Reached XP level 3. HP: 19/19 MP: 2/6
  1655 | D:2      | Learned a level 3 spell: Conjure Flame
  1992 | D:3      | Reached XP level 4. HP: 24/24 MP: 2/8
  2113 | D:3      | Noticed Terence
  2155 | D:3      | Killed Terence
  2592 | D:3      | Found a hide-covered altar of Uskayaw.
  2759 | D:3      | You fall into a shaft and drop 1 floor!
  2874 | D:4      | Reached XP level 5. HP: 28/28 MP: 2/9
  3245 | D:3      | Found a runed translucent gate.
  3245 | D:3      | Noticed emiel's ghost (amateur NaWn)
  3246 | D:3      | Found a runed translucent gate.
  3247 | D:3      | Found a runed translucent gate.
  3249 | D:3      | Identified the +6 mace of Blood {freeze, rN+ Int+4 Dex+4}
  3249 | D:3      | Identified the +2 ring mail "Ysom Biokk" {-Tele rF++ Regen+
                  | Str+4}
  3543 | D:3      | Learned a level 4 spell: Flame Wave
  4034 | D:5      | Entered Level 5 of the Dungeon
  4044 | D:5      | Found a sparkling altar of Nemelex Xobeh.
  4115 | D:5      | Found Ywina's Antique Armour Boutique.
  4258 | D:5      | Found a staircase to the Ecumenical Temple.
  4271 | D:5      | Reached XP level 6. HP: 32/32 MP: 5/11
  4271 | D:5      | Noticed an ice beast
  4276 | D:5      | Killed an ice beast
  4278 | Temple   | Entered the Ecumenical Temple
  4372 | Temple   | Became a worshipper of Vehumet
  4703 | D:5      | Reached skill level 5 in Fire Magic
  5110 | D:5      | Reached XP level 7. HP: 36/36 MP: 9/13
  5661 | D:6      | Reached skill level 5 in Spellcasting
  5928 | D:6      | Reached XP level 8. HP: 42/42 MP: 3/16
  6040 | D:6      | Noticed Eustachio
  6055 | D:6      | Killed Eustachio
  6056 | D:6      | Reached skill level 1 in Fighting
  6056 | D:6      | Reached skill level 1 in Maces & Flails
  6292 | D:6      | Identified the +1 mace "Pendulum" {speed, +Blink rC- rN+++}
  6860 | D:7      | HP: 1/43 [orc warrior (3)]
  6870 | D:7      | Mangled by an orc warrior

Illustrated notes

Levels and vault maps discovered:
D:1:      dpeg_arrival_rooms_c, layout_loops_ring,
          hellmonk_ecumenical_altar_lost_god
D:2:      layout_basic
D:3:      layout_basic, eat_drink_and_be_merry_uskayaw,
          biasface_ghost_orc_armoury, uniq_terence
D:4:      layout_rooms
D:5:      layout_basic, mainiacjoe_overflow_tiny_flanked, temple_fountains,
          serial_shops, shop
D:6:      layout_loops_cross, hangedman_decor_lopped, uniq_eustachio
D:7:      layout_loops_ring, corner_web_ring, nrook_mini_vaults, uniq_maggie
Temple:   eino_temple_water

Skill      XL: |  1  2  3  4  5  6  7  8 |
---------------+-------------------------+-----
Conjurations   | 2 3 4 |  4.7
Fire Magic     | 4 5 6 |  6.7
Spellcasting   | 3 4 5 6 |  6.0
Dodging        | 2 |  2.4
Fighting       | 1 |  1.3
Maces & Flails | 1 |  1.7
Stealth        | |  2.1

Action                   |  1- 3 |  4- 6 |  7- 9 || total
-------------------------+-------+-------+-------++-------
Melee: Staff             |     2 |       |       ||     2
       Mace              |       |    10 |    53 ||    63
 Cast: Foxfire           |    51 |    62 |    69 ||   182
       Scorch            |     7 |    16 |    26 ||    49
  Use: Scroll            |       |    12 |     1 ||    13
       Potion            |       |     3 |     2 ||     5
Armor: Robe              |     1 |     5 |    52 ||    58
       Skin              |       |     5 |    25 ||    30
Dodge: Dodged            |     4 |     6 |    77 ||    87

Table legend: (Time is in decaauts)
 A = Elapsed time spent in this place.
 B = Non-inter-level travel time spent in this place.
 C = Inter-level travel time spent in this place.
 D = Time resting spent in this place.
 E = Time spent auto-exploring this place.
 F = Levels seen in this place.
 G = Mean time per level.
                   A        B        C        D        E       F      G
               +--------+--------+--------+--------+--------+-----+--------+
         Total |   6890 |   6691 |    199 |    610 |   5145 |   8 |  861.2 |
       Dungeon |   6593 |   6409 |    184 |    610 |   4884 |   7 |  941.9 |
        Temple |    296 |    281 |     15 |      0 |    261 |   1 |  296.0 |
               +--------+--------+--------+--------+--------+-----+--------+

Top non-repeatable levels by time:
     D:3: 1387 daAuts
     D:6: 1369 daAuts
     D:5: 1085 daAuts
     D:2: 1037 daAuts
     D:1: 837 daAuts
     D:4: 775 daAuts
  Temple: 296 daAuts
     D:7: 100 daAuts
